[Event "Susha Chess Blitz 2022"]
[Site "Shusha"]
[Date "2022.09.24"]
[Round "8"]
[White "Mamedyarov, Shakhriyar"]
[Black "Maghsoodloo, Parham"]
[Result "1-0"]
[ECO "E10"]
[WhiteElo "2757"]
[BlackElo "2721"]
[Annotator "TA"]
[PlyCount "108"]
[EventDate "2022.09.24"]
[EventType "tourn"]
[EventCountry "AZE"]
[SourceTitle "playchess.com"]
[Source "ChessBase"]
[SourceQuality "1"]
[TimeControl "180+2"]

1. d4 Nf6 2. c4 e6 3. Nf3 h6 4. Nc3 Bb4 5. Qc2 c5 6. dxc5 {[%emt 0:00:02] E10: Blumenfeld Gambit.} Na6 7. a3 Bxc3+ 8. Qxc3 {[%emt 0:00:01] White has an edge.} Nxc5 9. b4 Nce4 {[%emt 0:00:03] [#]} 10. Qb2 $146 ({Predecessor:} 10. Qc2 d5 11. cxd5 Qxd5 12. Bb2 Bd7 13. Rd1 Qf5 14. Bxf6 Nxf6 15. Qxf5 exf5 16. e3 {0-1 (67) Vasilevich,T (2360)-Shafigullina,Z (2150) Sochi 2018}) 10... O-O 11. h3 ({White should try} 11. Ne5 $11) 11... b6 $15 12. e3 Ba6 13. Qd4 Rc8 14. Bb2 d6 15. Rc1 Qe7 16. Be2 Rc7 17. O-O Rfc8 18. b5 $1 Bb7 19. Rfd1 Ne8 20. Nd2 e5 21. Qd3 Nc5 22. Qc2 Nf6 23. Bc3 d5 24. Bb4 Qe6 25. cxd5 Bxd5 26. Qb1 {[%emt 0:00:10] Inhibits Nd3.} e4 27. Bxc5 Rxc5 28. Rxc5 Rxc5 29. Rc1 Qc8 30. Rxc5 Qxc5 31. Qb2 h5 32. Nf1 Bc4 33. Bxc4 Qxc4 $11 {[%emt 0:00:01][%mdl 4096] Endgame KQN-KQN} 34. Ng3 Qd5 35. Ne2 Nd7 36. Nd4 Ne5 37. Qb4 Qc5 {[%emt 0:00:13] Prevents Qe7.} (37... Nd3 $11 38. Qe7 Kh7) 38. Qxc5 $1 $16 bxc5 {[%emt 0:00:02] KN-KN} 39. Nc6 c4 $2 {[%emt 0:00:00] [#] A mistake that costs the game.} 40. Kf1 $1 $18 (40. Nxe5 $2 c3 41. Kh2 c2 $19) 40... c3 (40... Nd3 {is a better defense.} 41. Ke2 (41. Nxa7 $2 c3 $19) 41... Kf8) 41. Ke2 ({Wrong is} 41. Nxe5 $2 c2 42. g4 c1=Q+ $19) 41... Nd3 {[%emt 0:00:01] [#] ( -> ...c2)} 42. Kd1 Kf8 43. Nxa7 Ke8 44. Kc2 Nxf2 (44... Kd7 $142 45. a4 Kd6) 45. Kxc3 {[%emt 0:00:02] Threatens to win with b6.} Kd7 46. a4 f5 47. Nc6 g5 48. a5 {[%emt 0:00:01] a6 is the strong threat.} f4 49. exf4 gxf4 50. a6 {[%emt 0:00:02] White mates.} Kc7 51. a7 Kb7 {[%emt 0:00:01] [#]} 52. b6 $1 e3 (52... f3 53. Nd8+) 53. Nd8+ Ka8 54. Ne6 Ne4+ {[%emt 0:00:04] Weighted Error Value: White=0.08 (flawless) /Black=0.36} 1-0

[Event "Susha Chess Blitz 2022"]
[Site "Shusha"]
[Date "2022.09.24"]
[Round "8"]
[White "Kasimdzhanov, Rustam"]
[Black "Yilmaz, Mustafa"]
[Result "0-1"]
[ECO "A08"]
[WhiteElo "2670"]
[BlackElo "2633"]
[Annotator "TA"]
[PlyCount "78"]
[EventDate "2022.09.24"]
[EventType "tourn"]
[EventCountry "AZE"]
[SourceTitle "playchess.com"]
[Source "ChessBase"]
[SourceQuality "1"]
[TimeControl "180+2"]

1. Nf3 d5 2. g3 c5 3. Bg2 Nf6 4. O-O e6 5. d3 Nc6 6. Nbd2 Be7 7. e4 b6 8. Re1 Bb7 9. e5 Nd7 10. Nf1 Qc7 11. Qe2 O-O 12. Bf4 {[%emt 0:00:06] C00: French: Unusual White 2nd moves.} Rae8 13. h4 Qd8 14. Bh3 {[%emt 0:00:27] [#]} f5 $146 ({Predecessor:} 14... h6 15. N1h2 d4 16. c4 Qa8 17. h5 a6 18. Nd2 Nb4 19. Rec1 Bd8 20. Ng4 Bg5 {1-0 (55) Isha,S (2029)-Bhavik,A (1611) Mumbai 2018}) 15. exf6 Bxf6 16. Bd6 Bxb2 {[%emt 0:00:27] Hoping for ...Rxf3.} 17. Bxf8 Nxf8 18. Rab1 Bc3 {[%emt 0:00:01][%mdl 1024] Black has compensation.} 19. N1d2 Bf6 ({Black should play} 19... Qf6 $15) 20. a3 (20. c4 $11) 20... Qd6 (20... Bc3 $15) 21. c4 $36 {[%emt 0:00:01][%mdl 2048] White has some pressure.} Re7 22. Rbd1 h6 23. Bg2 Rf7 24. Nf1 Nd4 25. Nxd4 Bxd4 {[%emt 0:00:01] This bishop pair is nice.} 26. Ne3 Ng6 27. Kh1 Ne5 $2 (27... Bc6 $11 {and Black is okay.}) 28. f4 $18 Nd7 29. Ng4 (29. Nc2 $16) 29... Nf6 30. Ne5 Re7 31. Rf1 (31. Ng6 $1 $16 Re8 32. g4) 31... dxc4 ({Better is} 31... Qb8 $14) 32. Nxc4 (32. Bxb7 $16 Rxb7 33. dxc4) 32... Bxg2+ 33. Qxg2 Qd5 34. Rde1 Rc7 (34... b5 $11 {remains equal.} 35. Ne5 Rc7) 35. Qxd5 $16 exd5 {[%emt 0:00:01] [#]} 36. Nd6 a6 {[%emt 0:00:04] [#] Inhibits Nb5.} 37. Kg2 (37. Nf5 $1 $16) 37... c4 $11 {[%emt 0:00:01] The position is equal.} 38. dxc4 dxc4 39. a4 Bb2 {[%emt 0:00:01][%mdl 32768] Inhibits Rc1.  Weighted Error Value: White=0.24 (precise) /Black=0.33. Loss on time!?} 0-1

[Event "Susha Chess Blitz 2022"]
[Site "Shusha"]
[Date "2022.09.24"]
[Round "8"]
[White "Guseinov, Gadir"]
[Black "Wang, Hao"]
[Result "1/2-1/2"]
[ECO "B23"]
[WhiteElo "2661"]
[BlackElo "2722"]
[Annotator "TA"]
[PlyCount "132"]
[EventDate "2022.09.24"]
[EventType "tourn"]
[EventCountry "AZE"]
[SourceTitle "playchess.com"]
[Source "ChessBase"]
[SourceQuality "1"]
[TimeControl "180+2"]

1. e4 c5 2. Nc3 d6 3. Bb5+ Bd7 4. Bxd7+ Qxd7 5. d4 cxd4 6. Qxd4 {[%emt 0:00:01] B23: Closed Sicilian: Lines without g3.} Nc6 7. Qd3 g6 8. Nf3 Bg7 9. O-O Nf6 10. Nd5 O-O 11. Bg5 Nxd5 12. exd5 Ne5 13. Nxe5 dxe5 14. c4 {[%emt 0:00:03] [#]} b6 $146 ({Predecessor:} 14... h6 15. Be3 f5 16. f3 Kh7 17. Rfd1 b6 18. Rac1 e4 19. fxe4 Bxb2 20. Rc2 Be5 {1-0 (53) Lagno,K (2546)-Hou,Y (2658) Chess.com INT 2020}) 15. Rfd1 f5 16. d6 exd6 17. Qxd6 Qxd6 (17... Qf7 {with more complications.} 18. Qd5 e4 19. Rab1 h6) 18. Rxd6 e4 19. Rb1 h6 20. Be3 f4 21. Bd2 g5 22. b4 Rad8 23. Rxd8 Rxd8 $17 {[%mdl 4096] Endgame KRB-KRB} 24. Be1 Kf7 25. Kf1 Ke6 26. f3 e3 27. Ke2 Bd4 (27... h5 $17) 28. Rd1 $11 Rd6 29. h4 Ke5 30. Rd3 $2 (30. h5 $11 {and White has nothing to worry.}) 30... gxh4 $19 31. Bxh4 Rg6 {[%emt 0:00:01] Against g3} 32. Kf1 e2+ $2 (32... Rc6 $19 33. g4 Rxc4) 33. Kxe2 Rxg2+ 34. Kf1 (34. Kd1 $15) 34... Rxa2 $17 35. Bf6+ Kxf6 36. Rxd4 {[%emt 0:00:01] KR-KR} Kg5 37. Rd7 $2 (37. c5 $17) 37... Kh4 $19 38. Rg7 h5 {[%emt 0:00:02] Against Rg4+} 39. c5 bxc5 40. bxc5 a5 ({Not} 40... Rc2 $2 41. Rxa7 Kg3 42. Rc7 $19) 41. c6 (41. Rg2 $142 Ra1+ 42. Ke2) 41... Rc2 {[%emt 0:00:03] Threatens to win with ...a4.} 42. Ra7 Kg3 43. Rxa5 h4 44. Rg5+ Kxf3 45. Kg1 Rxc6 46. Ra5 Rc2 47. Ra3+ Kg4 48. Ra8 h3 $2 (48... Rd2 49. Ra7 Kg3 50. Rg7+ Kf3 51. Rf7 Rd1+ 52. Kh2 Ke3 53. Kg2 h3+ 54. Kh2 f3 55. Re7+ Kd3 56. Rf7 Ke2 57. Rf8 f2 58. Re8+ Kf1 59. Ra8 Rd2 60. Re8 Re2 61. Ra8 Re4 62. Kxh3 Kg1 63. Rg8+ Kh1 64. Rh8 f1=R 65. Kg3+ Kg1 66. Ra8 Rfe1 67. Rf8 R1e3+ 68. Rf3 Rxf3+ 69. Kxf3 Re8 70. Kf4 Kf2 71. Kg4 Rf8 72. Kg5 Kg3 73. Kg6 Kg4 74. Kg7 Rf1 75. Kg6 Rf3 76. Kh7 Kh5 77. Kg7 Kg5 78. Kh8 Kg6 79. Kg8 Rf1 80. Kh8 Rf8#) 49. Ra3 $2 {[%emt 0:00:02][%mdl 8192] [#]} (49. Rg8+ $11 Kf3 50. Ra8) 49... Re2 50. Rb3 Re3 51. Rb8 Kf3 $2 (51... Re1+ 52. Kh2 Re2+ 53. Kg1 f3 54. Rf8 Kg3 55. Rg8+ Kf4 56. Rf8+ Ke3 57. Re8+ Kd2 58. Rf8 Re1+ 59. Kf2 h2 60. Rd8+ Kc3 61. Rc8+ Kb4 62. Rh8 h1=Q 63. Rxh1 Rxh1 64. Kxf3 Rh4 65. Kg3 Rc4 66. Kf3 Kc3 67. Ke2 Re4+ 68. Kf3 Kd3 69. Kf2 Rf4+ 70. Kg3 Ke3 71. Kg2 Rg4+ 72. Kh3 Kf3 73. Kh2 Rh4+ 74. Kg1 Rh5 75. Kf1 Rh1#) 52. Rf8 $2 (52. Ra8 $19) 52... Re4 $2 (52... Re2 {mates} 53. Rb8 Ra2 54. Rb7 Rd2 55. Ra7 Rb2 56. Ra8 Rg2+ 57. Kh1 Rd2 58. Kg1 Rg2+ 59. Kh1 Rf2 60. Kg1 Rb2 61. Ra7 Rg2+ 62. Kh1 Rf2 63. Kg1 Rg2+ 64. Kh1 Rf2 65. Kg1 Re2 66. Rb7 Ra2 67. Rb8 Rg2+ 68. Kh1 Re2 69. Kg1 Rg2+ 70. Kh1 Rd2 71. Kg1 Re2 72. Rb7 Rg2+ 73. Kh1 Re2 74. Kg1) 53. Ra8 Re1+ 54. Kh2 Kf2 $2 ({Black should play} 54... Re5 $19 {aiming for ...Rh5.} 55. Ra7 Re8) 55. Ra2+ $2 (55. Kxh3 $11 Re3+ 56. Kh2) 55... Re2 56. Ra1 {[#]} f3 $2 (56... Re3 $1 $19 {[%cal Re3e1] Hoping for ...Re1.} 57. Rb1 Re1) 57. Kxh3 $11 {[%emt 0:00:04] The position is equal.} Rb2 58. Kh2 Ke3+ 59. Kg3 Rg2+ 60. Kh3 Rg8 61. Ra3+ Kf4 62. Ra4+ Ke3 63. Ra3+ Ke4 64. Ra4+ Ke5 65. Ra5+ Ke4 66. Ra4+ Ke5 {And White is the lucky defender.  Weighted Error Value: White=0.74/Black=0.28 (precise)} 1/2-1/2

[Event "Susha Chess Blitz 2022"]
[Site "Shusha"]
[Date "2022.09.24"]
[Round "8"]
[White "Mamedov, Rauf"]
[Black "Vidit, Santosh Gujrathi"]
[Result "0-1"]
[ECO "C77"]
[WhiteElo "2646"]
[BlackElo "2710"]
[Annotator "TA"]
[PlyCount "148"]
[EventDate "2022.09.24"]
[EventType "tourn"]
[EventCountry "AZE"]
[SourceTitle "playchess.com"]
[Source "ChessBase"]
[SourceQuality "1"]
[TimeControl "180+2"]

1. e4 e5 2. Nf3 Nc6 3. Bb5 Nf6 4. Qe2 a6 5. Ba4 b5 6. Bb3 Be7 7. d4 d6 8. c3 O-O 9. h3 {[%emt 0:00:02] Prevents Bg4. C77: Ruy Lopez: 3...a6 4 Ba4 Nf6, unusual lines.} Bb7 10. O-O Re8 11. Nbd2 {[%emt 0:00:25] The position is equal.} Bf8 12. Re1 h6 {[%emt 0:00:27] Inhibits Ng5.} 13. Qd1 {[%emt 0:00:10] [#]} g6 $146 ({Predecessor:} 13... exd4 14. cxd4 Nb4 15. Re3 Nxe4 16. Rxe4 Bxe4 17. a3 Nc6 18. a4 d5 19. Ne1 Nxd4 {0-1 (31) Jans,A (1843)-Simon,B (2305) ICCF email 2010}) 14. a4 $1 Bg7 15. Nh4 (15. dxe5 $11 Nxe5 16. Nxe5 Rxe5 17. f3) 15... d5 16. exd5 Nxd5 17. Nhf3 Na5 (17... Nb6 $11) 18. dxe5 Nf4 19. Bc2 Nd3 20. Bxd3 Qxd3 21. Re3 Qd5 22. Qe2 Nc6 23. axb5 (23. Rd3 {is more complex.} Qe6 24. Nd4 Nxd4 25. cxd4 c5 26. dxc5 Bxe5 27. Re3) 23... axb5 24. Rxa8 Bxa8 25. c4 bxc4 26. Qxc4 Nxe5 27. Qxc7 {[%emt 0:00:08] [#] Black keeps a firm grip on the game.} ({White should play} 27. Qxd5 $15 Bxd5 28. Kf1) 27... Bb7 $1 $19 {[%emt 0:00:03][%cal Ba8b7,Bb7d5,Bd5e6][%mdl 32] Strongly threatening ...Rc8.} 28. Nf1 $2 (28. Qc2) 28... Rc8 29. Rxe5 Rxc7 30. Rxd5 Bxd5 {[%emt 0:00:01] This bishop pair is nice.} 31. Bf4 Rb7 32. Ne5 $2 (32. Bc1) 32... Rxb2 33. Ne3 Be6 34. h4 {[%emt 0:00:02] Against g5} (34. Nf3) 34... Rb4 35. Bg3 Bxe5 36. Bxe5 Rxh4 {[%emt 0:00:03][%mdl 4096] Endgame KRB-KBN} 37. f4 f6 38. Bc7 Rh5 39. Bd8 Kf7 40. Kf2 Rb5 41. Bc7 Bd5 42. g4 Be4 {[%emt 0:00:02] Against f5} 43. Bd6 Rb2+ 44. Kg3 Ke6 45. Bf8 Re2 46. Bc5 h5 47. f5+ Kf7 48. fxg6+ Bxg6 49. gxh5 Bxh5 50. Ng2 Bg6 51. Nf4 Rc2 52. Bd4 Rc4 53. Bb2 Be4 54. Ba1 f5 55. Be5 Ra4 56. Kh4 Ra8 57. Kg3 Rg8+ 58. Kf2 Ke7 59. Ke2 Kd7 60. Ke3 Kc6 61. Kd4 Ra8 62. Bg7 Ra4+ 63. Ke5 Bb1 64. Bh6 Kd7 65. Kd5 $2 (65. Bg5) 65... Ke7 66. Ke5 Kf7 67. Bg5 Re4+ $2 (67... Bc2 $19 68. Bh4 Rc4) 68. Kd5 $2 (68. Kxf5 $15 Re1+ 69. Kg4) 68... Re8 69. Kd4 Bc2 70. Kd5 Be4+ 71. Kd4 Bb7 72. Kd3 {[%emt 0:00:03] [#]} (72. Bh6 $19) 72... Rg8 73. Bh6 Kf6 74. Kd4 Rh8 {[%emt 0:00:03] Weighted Error Value: White=0.38/Black=0.29 (precise)} 0-1

[Event "Susha Chess Blitz 2022"]
[Site "Shusha"]
[Date "2022.09.24"]
[Round "9"]
[White "Mamedyarov, Shakhriyar"]
[Black "Yilmaz, Mustafa"]
[Result "0-1"]
[ECO "D38"]
[WhiteElo "2757"]
[BlackElo "2633"]
[Annotator "TA"]
[PlyCount "82"]
[EventDate "2022.09.24"]
[EventType "tourn"]
[EventCountry "AZE"]
[SourceTitle "playchess.com"]
[Source "ChessBase"]
[SourceQuality "1"]
[TimeControl "180+2"]

1. d4 Nf6 2. c4 e6 3. Nf3 d5 4. Nc3 Bb4 5. cxd5 exd5 6. Bf4 {[%emt 0:00:01] D38: Queen's Gambit Declined: Ragozin Defence (4 Nf3 Bb4).} Ne4 {[%emt 0:00:04] Nowadays more popular than 6...0-0.} 7. Rc1 ({Reject} 7. Qa4+ Nc6 8. Nd2 Nxc3 9. bxc3 Bxc3 $17) 7... Nc6 8. e3 (8. Nd2 $11) 8... g5 $15 9. Bg3 h5 {[%emt 0:00:00] Threatens to win with ...h4.} 10. h4 {[%emt 0:00:01] [#]} Bxc3+ $5 $146 {[%emt 0:00:03][%mdl 8] An interesting novelty.} ({Predecessor:} 10... Nxg3 11. fxg3 Bd6 12. hxg5 Bxg3+ 13. Kd2 Bg4 14. Qb3 Ne7 15. Bd3 c6 16. Rcf1 Bd6 {1-0 (30) Sasikiran,K (2650)-Volokitin,A (2681) Chess.com INT 2022}) 11. Rxc3 Nxc3 12. bxc3 g4 13. Nd2 Bf5 {[%emt 0:00:09] Against Qb1} 14. Bb5 Rh6 15. O-O a6 16. Ba4 Qe7 (16... b5 {is superior.} 17. Bc2 Bxc2 18. Qxc2 Ne7) 17. Re1 (17. e4 $11 dxe4 18. d5) 17... O-O-O 18. Qc1 {[%emt 0:00:10] [#]} (18. e4 $1 $15 dxe4 19. Bf4) 18... Na5 $1 $17 19. c4 (19. Kh2 $17 {keeps fighting.}) 19... Nxc4 $19 20. Qc3 Nxd2 21. Qxd2 Rb6 22. e4 (22. Kh2 $142) 22... Bxe4 23. Kh2 Rb1 24. Re3 Rb4 25. Bb3 f5 26. Rc3 Rd6 $2 27. f3 $1 $11 gxf3 28. gxf3 Rbb6 (28... Rc6 $11 29. fxe4 f4) 29. fxe4 $16 fxe4 30. Qf4 (30. Bxd6 $16 Rxd6 31. Qg5) 30... Kb8 $11 31. Qf5 Ka7 32. Rc5 e3 {[%emt 0:00:01] ...e2 is the strong threat.} 33. Rc1 {[%emt 0:00:02] [#]} (33. Qe5 $11 {remains equal.} Qxe5 34. dxe5) 33... e2 (33... Rf6 $1 $17 34. Qe5 Qxe5 35. dxe5 Rfc6 36. Rxc6 Rxc6) 34. Re1 Re6 {[%emt 0:00:01] Against Qe5} ({Black should play} 34... Rg6 $11 35. Qe5 Rbe6 36. Qxc7 Qxc7 37. Bxc7 Re4) 35. Qf4 ({White should try} 35. Bxd5 $14 Re3 36. Bg2) 35... Re4 36. Qxc7 (36. Qg5 $11) 36... Rxh4+ 37. Kg2 Qe4+ 38. Kg1 Qe3+ 39. Kg2 Qe4+ 40. Kg1 Rh1+ 41. Kf2 Rf6+ {[%emt 0:00:01] Weighted Error Value: White=0.41/Black=0.43} 0-1

[Event "Susha Chess Blitz 2022"]
[Site "Shusha"]
[Date "2022.09.24"]
[Round "9"]
[White "Kasimdzhanov, Rustam"]
[Black "Radjabov, Teimour"]
[Result "0-1"]
[ECO "B28"]
[WhiteElo "2670"]
[BlackElo "2747"]
[Annotator "TA"]
[PlyCount "86"]
[EventDate "2022.09.24"]
[EventType "tourn"]
[EventCountry "AZE"]
[SourceTitle "playchess.com"]
[Source "ChessBase"]
[SourceQuality "1"]
[TimeControl "180+2"]

1. e4 c5 2. Nf3 a6 3. c3 e6 4. d4 d5 5. e5 Bd7 6. Be2 Nc6 {[%emt 0:00:04] B28: Sicilian: 2 Nf3 a6 (O'Kelly Variation).} 7. O-O Qb6 8. Na3 Rc8 {[%emt 0:00:05] The position is equal.} 9. Nc2 cxd4 10. cxd4 Nge7 11. Ne3 Ng6 12. g3 {[%emt 0:00:03] Inhibits Nf4.} Be7 {[%emt 0:00:20] [#]} 13. h4 $146 ({Predecessor:} 13. b3 O-O 14. Bb2 Na7 15. Rc1 Bb5 16. Rxc8 Rxc8 17. Bxb5 Nxb5 18. Qd2 Rc6 19. Rc1 Rxc1+ 20. Qxc1 {½-½ (48) Biro,P (2069)-Habzola,P Hungary 2004}) 13... h6 14. h5 Nf8 15. Rb1 Nh7 16. Ng2 Kd8 (16... Nb4 $11) 17. Be3 $14 Ng5 18. Nxg5 hxg5 19. b4 ({Much weaker is} 19. f4 gxf4 20. gxf4 f5 $15) 19... Na7 20. a4 {[%emt 0:00:09] Against Nb5} f6 ({Better is} 20... Qc6) 21. b5 $16 axb5 22. axb5 Ke8 (22... Rc3 $16 23. Qd2 Ra3) 23. Qd2 $18 Kf7 24. f4 ({Not} 24. Qd3 f5 $14) 24... g4 25. Bxg4 {[%emt 0:00:06] Hoping for f5.} f5 26. Be2 Rcg8 27. g4 g6 28. g5 $1 gxh5 29. Nh4 Ra8 30. Kg2 ({White should play} 30. Qb2 $18) 30... Kg7 31. Kg3 Nxb5 32. Bxb5 Bxb5 {[%emt 0:00:01] [#]} 33. Qb2 $1 Ra5 34. Bd2 Ra3+ (34... Qa6) 35. Rf3 Rha8 36. Qxb5 Qxd4 37. Qd7 Kf7 38. Rxb7 $4 (38. g6+ {and all is fine.} Kf8 39. Qxe6 Ke8 40. g7 Rxf3+ 41. Nxf3 h4+ 42. Kh3 Qg1 43. Rxg1 Kd8 44. g8=Q+ Kc7 45. Rc1+ Bc5 46. Rxc5#) 38... Qg1+ {[%emt 0:00:02] Black mates.} 39. Kh3 {[%emt 0:00:29] [#]} Rxf3+ $1 {[%emt 0:00:06][%mdl 64] Remove Defender} 40. Nxf3 Qf1+ 41. Kg3 h4+ $1 42. Nxh4 Ra3+ 43. Kh2 Rh3# {[%emt 0:00:02] What a bad dream for White.  Weighted Error Value: White=0.24 (precise) /Black=0.41} 0-1

[Event "Susha Chess Blitz 2022"]
[Site "Shusha"]
[Date "2022.09.24"]
[Round "9"]
[White "Guseinov, Gadir"]
[Black "Maghsoodloo, Parham"]
[Result "0-1"]
[ECO "B24"]
[WhiteElo "2661"]
[BlackElo "2721"]
[Annotator "TA"]
[PlyCount "136"]
[EventDate "2022.09.24"]
[EventType "tourn"]
[EventCountry "AZE"]
[SourceTitle "playchess.com"]
[Source "ChessBase"]
[SourceQuality "1"]
[TimeControl "180+2"]

1. e4 c5 2. Nc3 Nc6 3. Bb5 Nd4 4. Nf3 e6 5. O-O Nxb5 6. Nxb5 a6 {[%emt 0:00:01] B30: Sicilian: 2...Nc6 3 Bb5, lines without ...g6.} 7. Nc3 b5 8. d4 cxd4 {[%emt 0:00:02] The position is equal.} 9. Nxd4 Bb7 10. Re1 Ne7 11. Bf4 Ng6 12. Bg3 {[%emt 0:00:03][%cal Od4f5] [#]} Be7 $146 {[%emt 0:00:24] [#]} ({Predecessor:} 12... Bc5 13. Nb3 Ba7 14. Bd6 Qg5 15. a4 bxa4 16. Rxa4 Nh4 17. g3 Rc8 18. Ra5 Qf6 19. gxh4 Bxf2+ {1-0 (26) Hammel,R-Nocke,T (2225) Mecklenburg VP 1994}) 13. Nf5 $1 exf5 14. exf5 O-O {[%emt 0:00:02] And now ...Nh4 would win.} 15. fxg6 hxg6 16. Nd5 Bc5 17. Qd2 Rc8 18. Rad1 a5 19. c3 Re8 20. a3 Re6 21. Nf4 Rd6 22. Qe2 Rxd1 23. Rxd1 Bc6 24. Nd3 Bb6 25. Ne5 Qe7 26. Qd2 {[%emt 0:00:04] Against d6} Qe6 27. Nxc6 dxc6 28. Re1 Qf5 29. h4 Rd8 30. Qe2 Bc5 31. Kh2 a4 32. c4 ({White should play} 32. f3 $11) 32... bxc4 $15 33. Rc1 Qd3 34. Qc2 (34. Qxd3 $2 cxd3 35. Rd1 (35. Rxc5 $2 d2 $19) 35... Be7 $19) 34... Bd6 {[%emt 0:00:26] Black has more active pieces.} (34... Bd4 $1 $17 {aiming for ...Qb3.} 35. Qxa4 Bxb2 36. Rxc4 Qb1) 35. Qxc4 $14 Bxg3+ 36. fxg3 {[%emt 0:00:00][%mdl 4096] Endgame KQR-KQR} Qd2 37. Rc2 Qe1 (37... Qe3 $14 {should be considered.}) 38. Rc1 (38. Re2 $16 Qd1 39. Re7) 38... Qf2 (38... Qd2 $11) 39. Rc2 (39. Rf1 $1 $14 Rd4 40. Qxa4 (40. Rxf2 Rxc4 41. Kh3 Kf8 $11) 40... Qxg3+ 41. Kxg3 Rxa4 42. Rc1) 39... Qe3 40. Re2 ({Reject} 40. Qxa4 Rd1 41. Rf2 Qe1 $17) 40... Qd3 41. Re8+ Kh7 42. Qxf7 {[%emt 0:00:01] Qg8+ would kill now.} (42. Qxc6 $5 Rxe8 43. Qxe8 $16) 42... Rxe8 43. Qxe8 {[%emt 0:00:01] KQ-KQ} Qc4 44. Qe5 Qd5 $2 {[%emt 0:00:02][%mdl 8192] [#]} (44... c5 $14) 45. Qc3 $2 (45. Qxd5 $1 $18 cxd5 46. Kg1) 45... c5 46. Kg1 (46. Qc2 $5 Qb3 47. Qc3 $16 (47. Qxc5 Qxb2 48. Qe7 Qb3 $16)) 46... c4 47. Kh2 Qb5 48. Qd4 Kg8 49. Qd2 Kh7 50. Qd4 Kg8 51. g4 Kh7 52. Kh3 Qb3+ $1 53. Kh2 Qd3 54. Qe5 Qd1 55. Kg3 Qd3+ 56. Kh2 Qd1 57. Qe4 {[%emt 0:00:02] Threatens to win with h5.} Qd6+ 58. Kh3 Qd3+ 59. Qf3 Qb3 60. Kh2 (60. Qc3 $11) 60... Qxb2 $17 {[%emt 0:00:01] ...Qf6 is the strong threat.} 61. h5 {[%emt 0:00:01] [#] Intending hxg6+ and mate.} Qe5+ $1 62. Kh3 (62. Qg3 Qxg3+ 63. Kxg3 c3 64. Kf4 c2 65. g3 c1=Q+ 66. Ke4 Qxa3 67. Kd4 Qb4+ 68. Ke5 a3 69. Ke6 a2 70. Kd7 a1=Q 71. hxg6+ Kxg6 72. Kc6 Qh1+ 73. Kc7 Qhb7+ 74. Kd8 Qf8#) 62... Qd6 {[%emt 0:00:03] Prevents Qc6.} (62... gxh5 $17 63. gxh5 c3 64. Qd3+ Kg8 65. Qc4+ Kh7 66. Qd3+ Kg8) 63. g3 Qd3 64. Qc6 $2 (64. hxg6+ $11 Kxg6 65. Qc6+ Kh7 66. Qe8) 64... gxh5 $19 65. gxh5 c3 {[%emt 0:00:01] Black mates.} 66. h6 c2 67. hxg7 Qf1+ 68. Kg4 c1=Q {[%emt 0:00:01] Quite a comeback for Black.  Weighted Error Value: White=0.25 (precise) /Black=0.21 (precise)} 0-1

[Event "Susha Chess Blitz 2022"]
[Site "Shusha"]
[Date "2022.09.24"]
[Round "9"]
[White "Mamedov, Rauf"]
[Black "Wang, Hao"]
[Result "1-0"]
[ECO "C77"]
[WhiteElo "2646"]
[BlackElo "2722"]
[Annotator "TA"]
[PlyCount "87"]
[EventDate "2022.09.24"]
[EventType "tourn"]
[EventCountry "AZE"]
[SourceTitle "playchess.com"]
[Source "ChessBase"]
[SourceQuality "1"]
[TimeControl "180+2"]

1. e4 e5 2. Nf3 Nc6 3. Bb5 a6 4. Ba4 Nf6 5. Qe2 b5 6. Bb3 Bc5 7. c3 d6 8. d3 h6 {[%emt 0:00:04] 8...0-0 is not played anymore.} 9. Nbd2 O-O {[%emt 0:00:06] C77: Ruy Lopez: 3...a6 4 Ba4 Nf6, unusual lines.} 10. h3 Be6 11. Nf1 Re8 {[%emt 0:00:06] [#] The position is equal.} 12. g4 $146 ({Predecessor:} 12. Ng3 d5 13. O-O Qd7 14. Rd1 d4 15. Bxe6 Qxe6 16. Nf5 Rad8 17. g4 Bf8 18. Kh2 {1-0 (42) Georgiadis,N (2289)-Almada,E (2356) Switzerland 2012}) 12... Nh7 13. Rg1 Bxb3 14. axb3 Ne7 15. Ng3 Ng6 16. g5 Nxg5 (16... h5 $14) 17. Nxg5 $16 hxg5 18. Nf5 $1 Nf4 19. Bxf4 exf4 20. h4 {[%emt 0:00:04] White is more active.} (20. Qh5 $16 Qf6 21. Rxg5) 20... g6 $1 $14 21. Rxg5 {[%emt 0:00:18] Qg4 is the strong threat.} Qf6 (21... Kf8 $1 $14) 22. O-O-O Kf8 23. Nh6 Qh8 {[%emt 0:00:02] [#]} 24. Nxf7 Kxf7 (24... Qxh4 25. d4) 25. Qg4 {And now h5 would win.} Re6 26. h5 Rg8 27. d4 Bb6 {[%emt 0:00:09] [#] Hoping for ...gxh5.} 28. Rg1 ({Better is} 28. e5 $1 Ke7 29. hxg6) 28... Ke7 $16 29. hxg6 Bxd4 $2 {[%emt 0:00:02] White leaves nothing to chance now.} 30. cxd4 $18 Qxd4 31. Qxf4 {[%emt 0:00:04] Really sharp!} Rg7 {[%emt 0:00:02] [#] Inhibits Qf7+.} (31... Rf6 32. Qh4 Ke8) 32. Rf5 $1 {[%emt 0:00:05] Black must now prevent Rf7+.} Rf6 {[%emt 0:00:02] Prevents Rf7+.} 33. Qh4 Ke6 34. Qh3 (34. Qh8 $142 Rxf5 35. Qe8+ Kf6 36. Qf8+ Ke6 37. exf5+ (37. Qxf5+ Ke7 $18) 37... Kd7 38. f6 Qf4+ 39. Kb1 Rxg6 40. Qf7+ Kc6 41. Qxg6) 34... Ke7 35. Qh4 $40 {[%emt 0:00:01][%mdl 128] Black needs to defend precisely.} (35. Qf3 $142) 35... Ke6 36. Qg4 (36. Qh8 $142 {White threatens Qe8+ and mate.} Rxf5 37. Qe8+ Kf6 38. Qf8+ Ke6 39. exf5+ (39. Qxf5+ Ke7 $18) 39... Kd7 40. f6 Qf4+ 41. Kb1 Rxg6 42. Qf7+ Kc8 43. Qxg6) 36... Ke7 37. Rxf6 Qxf6 {[%emt 0:00:02][%mdl 4096] Endgame KQR-KQR} 38. f4 Qd4 39. f5 {[%emt 0:00:01][%cal Oe4e5] aiming for e5!} Qe3+ 40. Kb1 Qxb3 41. Qg5+ Kd7 42. f6 Qd3+ 43. Ka1 Qxe4 44. Qg4+ {[%emt 0:00:02] Weighted Error Value: White=0.66/Black=0.26 (precise)} 1-0